 Dungeon Crawl Stone Soup version 0.28.0-47-ge53b351184 (webtiles) character file.

Game seed: 5289031640025481616

1493 pkoi the Zephyrmancer (level 8, -5/61 HPs)
             Began as a Demigod Air Elementalist on Apr 26, 2022.
             Slain by a wyvern zombie (9 damage)
             ... in an ossuary.
             The game lasted 00:12:43 (9705 turns).

pkoi the Zephyrmancer (Demigod Air Elementalist)    Turns: 9705, Time: 00:12:44

Health: -5/61      AC:  6    Str:  5    XL:     8   Next: 26%
Magic:  5/18       EV: 13    Int: 33    God:
Gold:   886        SH:  0    Dex: 14    Spells: 6/16 levels left

rFire   . . .      SeeInvis .   o - +4 rapier (elec)
rCold   . . .      Faith    .   (no shield)
rNeg    + . .      Spirit   .   a - +1 robe
rPois   .          Reflect  .   (no helmet)
rElec   +          Harm     .   (no cloak)
rCorr   .          Rampage  .   c - +1 pair of gloves of Freezing the Leaf {Int+4}
Will    +....                   h - +0 pair of boots of Gestures {Int+4}
Stlth   ++........              (no amulet)
HPRegen 0.20/turn               j - ring of Titomete {Fly rElec rN+ Will+ Str-4}
MPRegen 0.16/turn               (no ring)

@: flying
A: high MP 1, forlorn, divine attributes
a: no special abilities


You were in an ossuary.
You visited 1 branch of the dungeon, and saw 6 of its levels.
You also visited: Ossuary.

You collected 1095 gold pieces.
You spent 209 gold pieces at shops.

Inventory:

Hand Weapons
 b - a +0 dagger
 g - a +1 dagger of freezing
 l - a +1 dagger of electrocution
 o - a +4 rapier of electrocution (weapon)
Missiles
 f - 18 poisoned darts
Armour
 a - a +1 robe (worn)
 c - the +1 pair of gloves of Freezing the Leaf (worn) {Int+4}
   (You acquired it on level 2 of the Dungeon)

   Int:       It affects your intelligence (+4).
 h - the +0 pair of boots of Gestures (worn) {Int+4}
   (You bought it in a shop on level 2 of the Dungeon)

   Int:       It affects your intelligence (+4).
Jewellery
 j - the ring of Titomete (left hand) {Fly rElec rN+ Will+ Str-4}
   (You found it on level 2 of the Dungeon)

   [ring of willpower]

   Str:       It affects your strength (-4).
   rElec:     It insulates you from electricity.
   rN:        It protects you from negative energy.
   Fly:       It grants you flight.
   Will:      It increases your willpower.
Wands
 k - a wand of digging (3)
 p - a wand of mindburst (7)
Scrolls
 n - 2 scrolls of amnesia
 u - a scroll of teleportation
Potions
 d - 2 potions of curing
 e - 2 potions of brilliance
 i - a potion of heal wounds
 m - a potion of mutation
 q - a potion of flight
 r - a potion of magic


   Skills:
 - Level 2.0 Fighting
 - Level 3.0 Dodging
 - Level 1.7 Stealth
 + Level 4.7 Spellcasting
 + Level 1.8 Conjurations
 + Level 8.0 Air Magic


You had 6 spell levels left.
You knew the following spells:

 Your Spells              Type           Power      Damage    Failure   Level
a - Shock                 Conj/Air       100%       1d9       1%          1
b - Static Discharge      Conj/Air       40%        N/A       1%          2
c - Swiftness             Air            57%        N/A       1%          3
d - Airstrike             Air            28%        N/A       1%          4

Your spell library contained the following spells:

 Spells                   Type           Power      Damage    Failure   Level
 Sublimation of Blood     Necr           7%         N/A       8%          2
 Wereblood                Tmut           7%         N/A       8%          2
 Summon Guardian Golem    Hex/Summ       7%         N/A       14%         3
 Tukima's Dance           Hex            7%         N/A       14%         3
 Anguish                  Hex/Necr       3%         N/A       43%         4
 Animate Dead             Necr           3%         N/A       43%         4
 Borgnjor's Vile Clutch   Necr/Erth      3%         N/A       80%         5
 Death Channel            Necr           3%         N/A       100%        6
 Enfeeble                 Hex            3%         N/A       100%        7
 Orb of Destruction       Conj           9%         9d6       100%        7
 Spellforged Servitor     Conj/Summ      6%         N/A       100%        7
 Summon Hydra             Summ           3%         N/A       100%        7


Dungeon Overview and Level Annotations

Branches:
Dungeon (6/15)             Temple (0/1) D:5         Ossuary (1/1)

Shops:
D:2 *   D:4 =(*!*(

Annotations:
D:4 1 runed translucent door, Crazy Yiuf, Pargi


Innate Abilities, Weirdness & Mutations

You have an increased reservoir of magic. (+10% MP)
You shall have no god before yourself.
Your divine heritage dramatically boosts your attributes as you level up.


Message History

The water moccasin zombie barely misses you.
The bullfrog zombie closely misses you.
The water moccasin zombie bites you but does no damage.
You puncture the water moccasin zombie!
Lightning courses through the water moccasin zombie!
You destroy the water moccasin zombie!
The bullfrog zombie hits you.
* * * LOW HITPOINT WARNING * * *
Unknown command.
The bullfrog zombie closely misses you.
Casting: Airstrike (dangerous; 1% risk of failure)
Confirm with . or Enter, or press ? or * to list all spells.
Aiming: Shock (safe; 1% risk of failure)
Press: ? - help, Shift-Dir - straight line, f/p - bullfrog zombie
Aim: a bullfrog zombie (moderately damaged, 84% to hit)
The zap misses the bullfrog zombie.
The bullfrog zombie hits you.
* * * LOW HITPOINT WARNING * * *
Aiming: Airstrike (dangerous; 1% risk of failure)
Press: ? - help, Q - select action, (/) - cycle Dir - move target, f/p - bullfrog zombie
Aim: a bullfrog zombie (moderately damaged, empty space bonus: 7/8)
The air twists around and strikes the bullfrog zombie!!
The bullfrog zombie is almost destroyed.
A wyvern zombie comes into view.
The bullfrog zombie hits you but does no damage.
Aiming: Airstrike (dangerous; 1% risk of failure)
Press: ? - help, Q - select action, (/) - cycle Dir - move target, f/p - bullfrog zombie
Aim: a bullfrog zombie (almost destroyed, empty space bonus: 7/8)
The air twists around and strikes the bullfrog zombie!!
You destroy the bullfrog zombie!
Your Air Magic skill increases to level 8!
You feel much better. The wyvern zombie bites you!
* * * LOW HITPOINT WARNING * * *
You barely miss the wyvern zombie. The wyvern zombie bites you!
* * * LOW HITPOINT WARNING * * *
You hit the wyvern zombie.
The wyvern zombie is lightly damaged.
The wyvern zombie bites you.
* * * LOW HITPOINT WARNING * * *
The wyvern zombie bites you!
You die...

#+#+#
...
##'##
#...#
#.∩Z#
#∩.@#
#####


You could see a wyvern zombie.

Vanquished Creatures
  Grinder (D:5)
  Eustachio (D:5)
  2 water moccasins
  2 ogres
  A phantom (D:4)
  A water moccasin zombie (Ossuary)
  3 bullfrog zombies
  A centaur zombie (D:5)
  2 orc priests
  2 hounds
  A centaur skeleton (D:6)
  An iguana (D:5)
  Ijyb (D:3)
  3 orc wizards
  3 killer bee zombies
  A hound zombie (D:5)
  3 mummies (Ossuary)
  Robin (D:4)
  2 adders (D:3)
  An adder skeleton (D:5)
  2 worms
  A dart slug (D:2)
  16 orcs
  6 endoplasms
  4 giant cockroaches
  16 goblins
  7 hobgoblins
  3 jackals (D:5)
  5 quokkas
  10 ball pythons
  5 bats
  5 frilled lizards
  7 kobolds
  8 rats
128 creatures vanquished.

Vanquished Creatures (others)
  4 withered plants (Ossuary)
4 creatures vanquished.

Grand Total: 132 creatures vanquished

Notes
Turn   | Place    | Note
-------+----------+-------------------------------------------
     0 | D:1      | pkoi the Demigod Air Elementalist began the quest for the
                  | Orb.
     0 | D:1      | Reached XP level 1. HP: 14/14 MP: 5/5
   199 | D:1      | Reached skill level 3 in Air Magic
   335 | D:1      | Reached XP level 2. HP: 20/20 MP: 0/7
  1755 | D:2      | Identified a scroll of acquirement
  1755 | D:2      | Acquired the +1 pair of gloves of Freezing the Leaf {Int+4}
  1835 | D:2      | Learned a level 2 spell: Static Discharge
  1864 | D:2      | Reached XP level 3. HP: 26/26 MP: 5/8
  1895 | D:2      | Found Wainkelefao's Assorted Antiques.
  2033 | D:2      | Reached skill level 4 in Air Magic
  2667 | D:2      | Identified the ring of Titomete {Fly rElec rN+ Will+ Str-4}
  3051 | D:2      | Reached XP level 4. HP: 5/34 MP: 0/9
  3510 | D:2      | Learned a level 3 spell: Swiftness
  3522 | D:3      | Reached skill level 1 in Fighting
  4200 | D:3      | Reached XP level 5. HP: 40/40 MP: 0/11
  4563 | D:3      | Noticed Ijyb
  5780 | D:3      | Killed Ijyb
  6077 | D:4      | Noticed Pargi
  6121 | D:4      | Found Essuhet's Assorted Antiques.
  6166 | D:4      | Reached skill level 5 in Air Magic
  6310 | D:4      | Found Yhicuzey's Neck Hole.
  6326 | D:4      | Noticed Robin
  6332 | D:4      | Killed Robin
  6334 | D:4      | Reached XP level 6. HP: 48/48 MP: 4/12
  6620 | D:4      | Found Gomafewk's Weapon Boutique.
  6930 | D:4      | Found a runed translucent door.
  6931 | D:4      | Noticed Crazy Yiuf
  7001 | D:4      | Found Qari's Distillery.
  7087 | D:4      | Found Attobub's Jewellery Emporium.
  7099 | D:4      | Found Biytesta's Antique Weapon Shop.
  7191 | D:4      | Acquired 886 gold pieces
  7268 | D:2      | Bought a pair of crude boots for 209 gold pieces
  7268 | D:2      | Identified the +0 pair of boots of Gestures {Int+4} (You
                  | bought it in a shop on level 2 of the Dungeon)
  7306 | D:5      | Entered Level 5 of the Dungeon
  7317 | D:5      | Learned a level 4 spell: Airstrike
  8080 | D:5      | Noticed a water moccasin
  8083 | D:5      | Killed a water moccasin
  8084 | D:5      | Reached skill level 6 in Air Magic
  8084 | D:5      | Reached XP level 7. HP: 55/55 MP: 1/15
  8338 | D:5      | Noticed Grinder
  8341 | D:5      | Killed Grinder
  8456 | D:5      | Found a staircase to the Ecumenical Temple.
  8482 | D:5      | Noticed Eustachio
  8485 | D:5      | Killed Eustachio
  8486 | D:5      | Reached skill level 7 in Air Magic
  9374 | D:6      | Reached XP level 8. HP: 59/61 MP: 8/17
  9531 | D:6      | Reached skill level 1 in Conjurations
  9562 | D:6      | Found a sand-covered staircase.
  9579 | Ossuary  | Entered an ossuary
  9698 | Ossuary  | HP: 3/61 [bullfrog zombie (6)]
  9703 | Ossuary  | Reached skill level 8 in Air Magic
  9705 | Ossuary  | Slain by a wyvern zombie

Illustrated notes

Levels and vault maps discovered:
D:1:      ncdulo_lavacross, layout_basic, serial_curves, eino_curves_01,
          eino_curves_03, basic_ecumenical_altar, interstate_on_off,
          minmay_misc_feat_encased
D:2:      layout_loops_ring, serial_rivers, chequers_serial_rivers_room_b,
          chequers_serial_rivers_large_b, chequers_serial_rivers_micro_d,
          chequers_serial_rivers_room_a, chequers_serial_rivers_micro_a,
          serial_shops, shop
D:3:      minmay_chambers_of_twos, layout_basic,
          mainiacjoe_overflow_small_starburst, marbit_many_paths, uniq_ijyb
D:4:      layout_basic, serial_shops, nicolae_shop_bloodbath_and_beyond, shop,
          nicolae_shop_stone, shop, nicolae_square_shop,
          nicolae_shop_sticking_my_neck_out, uniq_pargi, uniq_robin,
          uniq_crazy_yiuf_cottage
D:5:      layout_basic, minmay_temple_entry_stoned_glass,
          hangedman_decor_peaks_small, nicolae_figureground_pulse, uniq_grinder,
          uniq_eustachio
D:6:      layout_cave_pools, nicolae_dithmenos_shadow_blocks, enter_ossuary_4
Ossuary:  ossuary_zaba_flooded

Skill      XL: |  1  2  3  4  5  6  7  8 |
---------------+-------------------------+-----
Air Magic      | 3 4 5 6 7 8 |  8.0
Dodging        | 2 3 |  3.0
Spellcasting   | 2 3 4 |  4.7
Fighting       | 1 2 |  2.0
Conjurations   | 1 |  1.8
Stealth        | |  1.7

Action                   |  1- 3 |  4- 6 |  7- 9 || total
-------------------------+-------+-------+-------++-------
Melee: Dagger            |     9 |    10 |       ||    19
       Rapier            |       |       |    30 ||    30
 Cast: Shock             |    91 |   109 |     5 ||   205
       Static Discharge  |     2 |       |     4 ||     6
       Airstrike         |       |    14 |    28 ||    42
  Use: Scroll            |     5 |     6 |     4 ||    15
       Potion            |     2 |     5 |     1 ||     8
 Stab: Sleeping          |       |     1 |       ||     1
Armor: Robe              |     3 |     7 |    17 ||    27
Dodge: Dodged            |    16 |    17 |    35 ||    68
